 Dungeon Crawl Stone Soup version 0.28.0-53-g5a82cb258f (webtiles) character file.

Game seed: 2418600981745317399

301 ILmort the Chopper (level 6, -1/53 HPs)
             Began as a Gnoll Cinder Acolyte on Aug 3, 2022.
             Was an Initiate of Makhleb.
             Succumbed to a water moccasin's poison
             ... on level 6 of the Dungeon.
             The game lasted 00:20:14 (3479 turns).

ILmort the Chopper (Gnoll Cinder Acolyte)           Turns: 3479, Time: 00:20:15

Health: -1/53      AC: 12    Str: 22    XL:     6   Next: 37%
Magic:  9/11       EV: 12    Int: 13    God:    Makhleb [......]
Gold:   123        SH:  0    Dex:  7    Spells: 9/11 levels left

rFire   . . .      SeeInvis .   t - +2 dagger (chaos)
rCold   . . .      Faith    .   (no shield)
rNeg    . . .      Spirit   .   u - +1 chain mail
rPois   .          Reflect  .   (no helmet)
rElec   .          Harm     .   b - +2 cloak
rCorr   .          Rampage  .   (no gloves)
Will    .....                   (no boots)
Stlth   ..........              (no amulet)
HPRegen 0.17/turn               d - +6 ring of strength
MPRegen 0.12/turn               i - +4 ring of evasion

@: lethally poisoned (-1 -> -8), fire susceptible
A: fangs 1, strong nose, distributed training
a: Renounce Religion


You were on level 6 of the Dungeon.
You worshipped Makhleb.
Makhleb was noncommittal.
You visited 1 branch of the dungeon, and saw 7 of its levels.
You also visited: Sewer.

You collected 123 gold pieces.

Inventory:

Hand Weapons
 a - a -1 hand axe of flaming
 g - a +0 hunting sling
 t - a +2 dagger of chaos (weapon)
Missiles
 n - 27 stones (quivered)
Armour
 b - a +2 cloak (worn)
 o - the +1 leather armour "Kelut Igan" {*Corrode rElec Str+4}
   (You found it on level 2 of the Dungeon)

   Str:       It affects your strength (+4).
   rElec:     It insulates you from electricity.
   *Corrode:  It may corrode you when you take damage.
 u - a +1 chain mail (worn)
Jewellery
 d - a +6 ring of strength (left hand)
 i - a +4 ring of evasion (right hand)
 k - a +6 ring of intelligence
 s - a ring of wizardry
Wands
 r - a wand of flame (9)
Scrolls
 c - a scroll of enchant armour
 f - a scroll of enchant weapon
 h - a scroll of brand weapon
 l - a scroll of immolation
Potions
 e - a potion of lignification {unknown}
 j - a potion of flight {unknown}
 m - a potion of brilliance {unknown}
 p - a potion of curing {unknown}


   Skills:
 + Level 6.8 Fighting
 + Level 1.9 Short Blades
 + Level 1.9 Long Blades
 + Level 6.8 Axes
 + Level 1.9 Maces & Flails
 + Level 1.9 Polearms
 + Level 1.9 Staves
 + Level 1.9 Slings
 + Level 1.9 Bows
 + Level 1.9 Crossbows
 + Level 1.9 Throwing
 + Level 1.9 Armour
 + Level 1.9 Dodging
 + Level 1.9 Stealth
 + Level 1.9 Shields
 + Level 1.9 Unarmed Combat
 + Level 3.4 Spellcasting
 + Level 1.5 Conjurations
 + Level 1.5 Hexes
 + Level 1.5 Summonings
 + Level 1.5 Necromancy
 + Level 1.5 Translocations
 + Level 1.5 Transmutations
 + Level 5.6 Fire Magic
 + Level 1.5 Ice Magic
 + Level 1.5 Air Magic
 + Level 1.5 Earth Magic
 + Level 1.5 Poison Magic
 + Level 2.1 Invocations
 + Level 1.9 Evocations


You had 9 spell levels left.
You knew the following spells:

 Your Spells              Type           Power      Damage    Failure   Level
a - Scorch                Fire           32%        2d7       30%         2

Your spell library contained the following spells:

 Spells                   Type           Power      Damage    Failure   Level
 Freeze                   Ice            24%        1d5       73%         1
 Blink                    Tloc           12%        N/A       86%         2
 Frozen Ramparts          Ice            12%        1d3       97%         3
 Lesser Beckoning         Tloc           6%         N/A       97%         3
 Hailstorm                Conj/Ice       6%         3d4       100%        4
 Manifold Assault         Tloc           6%         N/A       100%        5


Dungeon Overview and Level Annotations

Branches:
Dungeon (7/15)              Sewer (visited)
 Temple: D:4-7

Altars:
Makhleb
Okawaru
Ru
Sif Muna
Xom

Shops:
D:3 *


Innate Abilities, Weirdness & Mutations

You have very sharp teeth.
Your uncanny sense of smell can sniff out nearby items.
Your experience applies equally to all skills.


Message History

The water moccasin bites you but does no damage.
There is an escape hatch in the ceiling here.
The water moccasin bites you but does no damage.
The water moccasin closely misses you. A mysterious force pulls you upwards.
The hatch slams shut behind you.
Found a metallic inky potion.
You miss the water moccasin. The water moccasin bites you.
You closely miss the water moccasin. The water moccasin bites you.
You are poisoned.
The water moccasin poisons you!
You hit the water moccasin. You freeze the water moccasin.
The water moccasin is moderately wounded.
You feel very sick. The water moccasin bites you.
You are lethally poisoned!
The water moccasin poisons you!
You hit the water moccasin.
The water moccasin is moderately wounded.
You feel very sick. The water moccasin closely misses you.
Okay, then.
You closely miss the water moccasin. Your bite misses the water moccasin.
The water moccasin is moderately wounded.
* * * LOW HITPOINT WARNING * * *
You feel very sick.
The water moccasin bites you but does no damage.
The water moccasin completely misses you.
You completely miss the water moccasin.
The water moccasin is moderately wounded.
* * * LOW HITPOINT WARNING * * *
You feel very sick. The water moccasin closely misses you.
* * * LOW HITPOINT WARNING * * *
You feel very sick.
* * * LOW HITPOINT WARNING * * *
You feel very sick.
The water moccasin completely misses you.
* * * LOW HITPOINT WARNING * * *
You feel sick.
You die...

#... .... #..#
#..# #..# #..#
#..######
#@......#
..#####........
.......S.......
..#####.......#
.........######
...............
..!............
.......######.#
....... #


You could see a water moccasin.

Vanquished Creatures
  A crimson imp (D:3)
  A centaur skeleton (D:5)
  2 orc priests (D:5)
  Ijyb (D:3)
  An orc wizard (D:5)
  3 adders
  A shadow imp (D:5)
  2 worms (D:3)
  A dart slug (D:1)
  9 orcs
  2 ball pythons (D:3)
  5 endoplasms
  5 giant cockroaches (D:3)
  5 goblins
  4 hobgoblins (D:1)
  9 kobolds
  4 quokkas (D:3)
  9 bats
  4 frilled lizards
  21 rats
90 creatures vanquished.

Vanquished Creatures (others)
  21 foxfires (D:3)
21 creatures vanquished.

Grand Total: 111 creatures vanquished

Notes
Turn   | Place    | Note
-------+----------+-------------------------------------------
     0 | D:1      | ILmort the Gnoll Cinder Acolyte began the quest for the
                  | Orb.
     0 | D:1      | Reached XP level 1. HP: 23/23 MP: 4/4
   388 | D:1      | Reached XP level 2. HP: 25/29 MP: 5/5
   668 | D:1      | Learned a level 2 spell: Scorch
  1261 | D:2      | Reached XP level 3. HP: 33/35 MP: 7/7
  1311 | D:2      | Found a faded altar of an unknown god.
  1410 | D:2      | Reached skill level 1 in Invocations
  1892 | D:2      | Reached skill level 1 in Short Blades
  1892 | D:2      | Reached skill level 1 in Long Blades
  1892 | D:2      | Reached skill level 1 in Maces & Flails
  1892 | D:2      | Reached skill level 1 in Polearms
  1892 | D:2      | Reached skill level 1 in Staves
  1892 | D:2      | Reached skill level 1 in Slings
  1892 | D:2      | Reached skill level 1 in Bows
  1892 | D:2      | Reached skill level 1 in Crossbows
  1892 | D:2      | Reached skill level 1 in Throwing
  1892 | D:2      | Reached skill level 1 in Armour
  1892 | D:2      | Reached skill level 1 in Dodging
  1892 | D:2      | Reached skill level 1 in Stealth
  1892 | D:2      | Reached skill level 1 in Shields
  1892 | D:2      | Reached skill level 1 in Unarmed Combat
  1892 | D:2      | Reached skill level 1 in Evocations
  1899 | D:2      | Identified the +1 leather armour "Kelut Igan" {*Corrode
                  | rElec Str+4}
  1972 | D:3      | Reached XP level 4. HP: 36/41 MP: 1/8
  2530 | D:3      | Reached skill level 1 in Conjurations
  2530 | D:3      | Reached skill level 1 in Hexes
  2530 | D:3      | Reached skill level 1 in Summonings
  2530 | D:3      | Reached skill level 1 in Necromancy
  2530 | D:3      | Reached skill level 1 in Translocations
  2530 | D:3      | Reached skill level 1 in Transmutations
  2530 | D:3      | Reached skill level 1 in Ice Magic
  2530 | D:3      | Reached skill level 1 in Air Magic
  2530 | D:3      | Reached skill level 1 in Earth Magic
  2530 | D:3      | Reached skill level 1 in Poison Magic
  2565 | D:3      | Found a glowing drain.
  2580 | Sewer    | Entered a sewer
  2624 | D:3      | Found Doilasuici's General Store.
  2756 | D:3      | Found a sacrificial altar of Ru.
  2770 | D:3      | Noticed Ijyb
  2778 | D:3      | Killed Ijyb
  2779 | D:3      | Reached XP level 5. HP: 41/47 MP: 9/9
  3076 | D:3      | Found a burning altar of Makhleb.
  3077 | D:3      | Found a shimmering altar of Xom.
  3103 | D:3      | Fell from the grace of Ignis
  3103 | D:3      | Became a worshipper of Makhleb the Destroyer
  3177 | D:4      | You fall into a shaft and drop 1 floor!
  3177 | D:5      | Entered Level 5 of the Dungeon
  3205 | D:5      | Found a shimmering blue altar of Sif Muna.
  3235 | D:5      | Found an iron altar of Okawaru.
  3278 | D:5      | Reached XP level 6. HP: 37/53 MP: 10/10
  3453 | D:5      | You fall into a shaft and drop 2 floors!
  3462 | D:7      | Noticed a water moccasin
  3478 | D:6      | HP: 1/53 [poisoned by a water moccasin]
  3479 | D:6      | Succumbed to a water moccasin's poison

Illustrated notes

Levels and vault maps discovered:
D:1:      nzn_arrival_crosshair, layout_loops_ring, minmay_misc_feat_iff,
          minmay_misc_feat_columns, minmay_misc_feat_enclosed
D:2:      layout_basic, shapermc_ecumenical_altar_totnotflames
D:3:      layout_rooms, grunt_temple_overflow_champion_of_chaos,
          nicolae_ru_awakened_eye, gup_sewer_entry_pipe, serial_shops,
          nicolae_lakefront_shop, minmay_rat_hole, uniq_ijyb
D:4:      layout_loops_ring, lemuel_round_altar, fedhas_altar_fruit_tree,
          amcnicky_mini_pool_small
D:5:      layout_basic, mainiacjoe_overflow_alcove_4,
          mainiacjoe_overflow_alcove_2, mainiacjoe_overflow_surrounded_room,
          nicolae_sif_muna_little_library, overflow_temple_1_default,
          grunt_ministairs_15, minivault_1
D:6:      layout_basic, mainiacjoe_overflow_paths
D:7:      layout_loops_ring, temple_hall

Skill      XL: |  1  2  3  4  5 |
---------------+----------------+-----
Invocations    | 1 2 |  2.1
Short Blades   | 1 |  1.9
Long Blades    | 1 |  1.9
Maces & Flails | 1 |  1.9
Polearms       | 1 |  1.9
Staves         | 1 |  1.9
Slings         | 1 |  1.9
Bows           | 1 |  1.9
Crossbows      | 1 |  1.9
Throwing       | 1 |  1.9
Armour         | 1 |  1.9
Dodging        | 1 |  1.9
Stealth        | 1 |  1.9
Shields        | 1 |  1.9
Unarmed Combat | 1 |  1.9
Evocations     | 1 |  1.9
Spellcasting   | 3 |  3.4
Conjurations   | 1 |  1.5
Hexes          | 1 |  1.5
Summonings     | 1 |  1.5
Necromancy     | 1 |  1.5
Translocations | 1 |  1.5
Transmutations | 1 |  1.5
Ice Magic      | 1 |  1.5
Air Magic      | 1 |  1.5
Earth Magic    | 1 |  1.5
Poison Magic   | 1 |  1.5
Fighting       | |  6.8
Axes           | |  6.8
Fire Magic     | |  5.6

Action                   |  1- 3 |  4- 6 || total
-------------------------+-------+-------++-------
Melee: Hand axe          |    97 |    93 ||   190
       Bite              |     6 |     9 ||    15
       Punch             |     1 |     6 ||     7
       Dagger            |       |    65 ||    65
 Cast: Scorch            |     6 |     2 ||     8
Invok: Foxfire Swarm     |       |     1 ||     1
  Use: Scroll            |       |     6 ||     6
Armor: Robe              |    14 |       ||    14
       Ring mail         |    19 |    25 ||    44
       Chain mail        |       |    30 ||    30
Dodge: Dodged            |    72 |   106 ||   178
